 Dungeon Crawl Stone Soup version 0.24-a0-498-ge00f04a (webtiles) character file.

Game seed: 104922603660805468

36 Lilster the Skirmisher (level 3, 0/46 HPs)
             Began as a Centaur Fighter on July 13, 2019.
             Slain by a white imp (2 damage)
             ... summoned by Natasha
             ... on level 2 of the Dungeon.
             The game lasted 00:04:24 (957 turns).

Lilster the Skirmisher (Centaur Fighter)             Turns: 957, Time: 00:04:25

Health: 0/46       AC: 21    Str: 19    XL:     3   Next: 19%
Magic:  3/3        EV:  1    Int:  7    God:
Gold:   25         SH:  8    Dex:  8    Spells: 2/2 levels left

rFire    . . .     SeeInvis .   a - +0 trident
rCold    . . .     Gourm    .   c - +0 shield
rNeg     + + +     Faith    .   (armour currently unavailable)
rPois    +         Spirit   .   (helmet currently unavailable)
rElec    .         Reflect  .   (cloak currently unavailable)
rCorr    .         Harm     .   (gloves currently unavailable)
MR       .....     NoTele   +   (no barding)
Stlth    +.........             (no amulet)
HPRegen  0.15/turn              (no ring)
MPRegen  0.08/turn              (no ring)

@: tree-form
A: large
a: no special abilities


You were on level 2 of the Dungeon.
You were not hungry.
You were a tree.
You visited 1 branch of the dungeon, and saw 2 of its levels.

You collected 25 gold pieces.

Inventory:

Hand Weapons
 a - a +0 trident (weapon)
Armour
 b - a +0 scale mail (melded)
 c - a +0 shield (worn)
Scrolls
 h - 2 scrolls of fear {unknown}
 j - a scroll of amnesia {unknown}
 l - 3 scrolls of enchant weapon {unknown}
 m - a scroll of fog {unknown}
Potions
 d - a potion of might
 g - 2 potions of degeneration {unknown}
 i - 2 potions of curing {unknown}
Comestibles
 f - a ration


   Skills:
 + Level 3.3 Fighting
 + Level 2.0 Polearms
 + Level 2.4 Armour
 + Level 0.2 Dodging
 + Level 2.6 Shields


You had 2 spell levels left.
You didn't know any spells.
Your spell library was empty.

Dungeon Overview and Level Annotations

Branches:
Dungeon (2/15)

Altars:
Uskayaw

Annotations:
D:2 Natasha


Innate Abilities, Weirdness & Mutations

((You have hooves in place of feet.))
((Armour fits poorly on your strangely shaped body.))
((You cover ground very quickly.))
((You have extremely tough skin. (AC +3)))


Message History

Found 13 poisoned darts.
The bat barely misses you.
Natasha casts a spell.
The bat completely misses you. You block the bat's attack. x2
The white imp gestures at you. The puff of frost hits you.
* * * LOW HITPOINT WARNING * * *
You block the bat's attack. The bat hits you but does no damage.
There is a hide-covered altar of Uskayaw here.
As you read the scroll labeled UFUCKE EKLUL, it crumbles to dust.
It is a scroll of identify.
k - a potion of lignification The bat hits you but does no damage.
You turn into a tree.
Your +0 scale mail melds into your body.
Your roots penetrate the ground.
The bat hits you but does no damage. The white imp hits you.
You die...

..# #... .#
#..####.# ##.#
#..#...## #..#
###......#####.#
......##.....g.#####
.)..†.##......5....#
...........####....#
......##...#.(#b5h.#
##########.#.(#.♣..#
. #..#..#...## #
#?.####...#
(.........##
##..####### ##..


You could see an iron imp, 2 dancing weapons, Natasha, a white imp, a goblin and
a bat.

Vanquished Creatures
  A dart slug (D:1)
  A leopard gecko (D:1)
  4 bats
  4 giant cockroaches (D:1)
  4 goblins
  2 hobgoblins (D:1)
  3 jackals (D:2)
  3 kobolds
  A frilled lizard (D:2)
  6 rats
29 creatures vanquished.

Notes
Turn   | Place    | Note
-------+----------+-------------------------------------------
     0 | D:1      | Lilster the Centaur Fighter began the quest for the Orb.
     0 | D:1      | Reached XP level 1. HP: 19/19 MP: 1/1
   178 | D:1      | Reached XP level 2. HP: 26/26 MP: 2/2
   856 | D:2      | Reached XP level 3. HP: 20/31 MP: 3/3
   918 | D:2      | Noticed a +0 hand axe
   921 | D:2      | Noticed a +0 hand axe
   940 | D:2      | Noticed Natasha
   942 | D:2      | Found a hide-covered altar of Uskayaw.
   953 | D:2      | HP: 1/31 [white imp/puff of frost[Natasha] (3)]
   957 | D:2      | Slain by a white imp

Levels and vault maps discovered:
D:1:      minmay_arrival_radiant_lines, layout_basic, minmay_misc_feat_alley,
          minmay_split_cup_small
D:2:      layout_rooms, amethyst_overflow_temple_binary,
          dancing_weapons_uskayaw, kennysheep_generic_room_9, uniq_natasha

Skill      XL: |  1  2 |
---------------+-------+-----
Polearms       | 2 |  2.0
Fighting       | |  3.3
Armour         | |  2.4
Dodging        | |  0.2
Shields        | |  2.6

Action                   || total
-------------------------++-------
Melee: Trident           ||    72
       Kick              ||    11
  Use: Scroll            ||     1
       Potion            ||     1
Armor: Scale mail        ||   109
       Skin              ||     1
Dodge: Dodged            ||    45
Block: Shield            ||    84

Table legend:
 A = Non-vault XP
 B = Vault XP
 C = Vault XP percentage of total XP
 D = Non-vault monster count
 E = Vault monster count
 F = Vault count percentage of total count
                 A         B        C        D         E       F
            +---------+---------+-------+---------+---------+-------
      Total |      46 |       6 |  11.5 |      26 |       3 |  10.3
            +---------+---------+-------+---------+---------+-------
        D:1 |      32 |       6 |  15.8 |      17 |       3 |  15.0
        D:2 |      14 |       0 |   0.0 |       9 |       0 |   0.0
            +---------+---------+-------+---------+---------+-------
